AoeStats
← mazenhassan23

Fortress

510652678Analyzed
1v1 RM · 19h ago on Oct 2, 2026· 65m 10s· 2 players
Game mode
Random Map
Map size
Small (3 player)
Population
200
Speed
Normal
Resources
Standard
Victory
Conquest
Starting age
Dark Age
Ending age
Imperial Age
RankedLock teamsTeams togetherTeam positionsShared explorationLock speedFull tech treeHidden civsTurbo modeCheats
Victory
Defeat
🇨🇦 Spanish · Canada
332
+11
🇦🇷 Mongols · Argentina
229
-11
mazenhassan23
6:14 Feudal Age
14:30 Castle Age
13:52 Double-Bit Axe
13:53 Horse Collar
15:13 Bloodlines
20:25 Gold Mining
25:10 Stone Mining
26:52 Wheelbarrow
26:25 Heavy Plow
28:16 Hand Cart
30:53 Imperial Age
29:39 Hand Cart
30:16 Husbandry
29:40 Man-at-Arms
30:06 Gambesons
30:22 Squires
31:24 Thumb Ring
34:02 Bow Saw
34:01 Town Watch
34:34 Long Swordsman
35:50 Conscription
36:14 Hoardings
35:31 Heavy Mounted Crossbowman
35:35 Cavalier
35:39 Two-Handed Swordsman
36:34 Forging
36:25 Scale Mail Armor
36:31 Scale Barding Armor
36:17 Fletching
36:29 Padded Archer Armor
37:24 Ballistics
38:12 Chemistry
37:33 Ballistics
37:26 Masonry
37:54 Iron Casting
37:16 Arson
38:11 Chain Mail Armor
39:29 Champion
40:56 Town Patrol
40:50 Paladin
44:47 Blast Furnace
44:17 Plate Mail Armor
43:44 Bodkin Arrow
44:10 Chain Barding Armor
44:07 Leather Archer Armor
50:17 Bracer
50:48 Ring Archer Armor
50:55 Plate Barding Armor
Loco Ale
8:49 Feudal Age
9:13 Horse Collar
10:18 Wheelbarrow
9:40 Double-Bit Axe
13:02 Padded Archer Armor
12:57 Fletching
13:13 Scale Barding Armor
15:22 Forging
20:45 Castle Age
21:43 Leather Archer Armor
21:04 Crossbowman
21:52 Thumb Ring
22:31 Hand Cart
22:44 Bow Saw
27:22 Bloodlines
27:23 Husbandry
28:03 Light Cavalry
31:25 Heavy Plow
31:27 Bodkin Arrow
39:31 Imperial Age
42:18 Chain Barding Armor
41:58 Bracer
43:56 Heavy Cavalry Archer
44:28 Hussar
47:21 Cavalier
47:33 Elite Mangudai
51:46 Chemistry
51:08 Ballistics
51:18 Arbalester
Connection lost

Rejoining the realm…

Still unreachable

The connection could not be restored.

Session expired

The server has moved on; the page needs a fresh start.